 Dungeon Crawl Stone Soup version 0.28-a0-1213-g0243856f03 (webtiles) character file.

Game seed: 4517957696568593057

2 siradein the Caller (level 1, 0/14 HPs)
             Began as a Draconian Summoner on Dec 22, 2021.
             Slain by a jackal (1 damage)
             ... on level 1 of the Dungeon.
             The game lasted 00:00:37 (235 turns).

siradein the Caller (Draconian Summoner)             Turns: 235, Time: 00:00:38

Health: 0/14       AC:  4    Str: 10    XL:     1   Next: 33%
Magic:  2/3        EV: 11    Int: 15    God:
Gold:   19         SH:  3    Dex: 11    Spells: 3/4 levels left

rFire   . . .      SeeInvis .   b - +0 dagger
rCold   . . .      Faith    .   a - +0 buckler
rNeg    . . .      Spirit   .   (armour unavailable)
rPois   .          Reflect  .   (helmet restricted)
rElec   .          Harm     .   (no cloak)
rCorr   .          Rampage  .   (no gloves)
Will    .....                   (no boots)
Stlth   ++........              (no amulet)
HPRegen 0.04/turn               (no ring)
MPRegen 0.08/turn               (no ring)

@: no status effects
A: AC +4, unfitting armour, cold-blooded
a: no special abilities


You were on level 1 of the Dungeon.
You visited 1 branch of the dungeon, and saw 1 of its levels.

You collected 19 gold pieces.

Inventory:

Hand Weapons
 b - a +0 dagger (weapon)
Armour
 a - a +0 buckler (worn)


   Skills:
 + Level 1.8 Dodging
 - Level 1.7 Stealth
 + Level 2.0 Spellcasting
 + Level 4.0 Summonings


You had 3 spell levels left.
You knew the following spells:

 Your Spells              Type           Power      Damage    Failure   Level
a - Summon Small Mammal   Summ           52%        N/A       7%          1

Your spell library contained the following spells:

 Spells                   Type           Power      Damage    Failure   Level
 Call Imp                 Summ           13%        N/A       11%         2
 Call Canine Familiar     Summ           13%        N/A       22%         3
 Summon Guardian Golem    Hex/Summ       7%         N/A       43%         3
 Summon Lightning Spire   Summ/Air       7%         N/A       85%         4


Dungeon Overview and Level Annotations

Branches:
Dungeon (1/15)

Altars:


Innate Abilities, Weirdness & Mutations

Your plain brown scales are hard. (AC +4)
You cannot fit into any form of body armour.
You are cold-blooded and may be slowed by cold attacks.


Message History

Your bat misses the jackal.
Your bat barely misses the jackal.
Your bat hits the jackal. The jackal completely misses your bat.
What are your orders? t - Shout!
Orders for allies: a - Attack new target. r - Retreat! s - Stop attacking. g - Guard the area. f - Follow me.
Anything else - Cancel.
Gang up on whom?
Press: ? - help, Dir - move target, f - jackal
Aim: a jackal (heavily wounded, ally target) Attack!
Your bat closely misses the jackal.
Your bat barely misses the jackal.
The jackal misses your bat.
Your bat closely misses the jackal.
The jackal barely misses your bat. The jackal bites your bat.
Your bat dies!
Your bat's corpse disappears in a puff of smoke!
Press: ? - help, v - describe, . - travel The floor.
Casting: Summon Small Mammal (safe; 7% risk of failure)
Confirm with . or Enter, or press ? or * to list all spells.
The jackal bites you.
* * * LOW HITPOINT WARNING * * *
You swap places.
Your bat closely misses the jackal.
Your bat hits the jackal but does no damage.
The jackal closely misses your bat. What are your orders? t - Shout!
Orders for allies: a - Attack new target. p - Attack previous target. r - Retreat! s - Stop attacking. g - Guard the area. f - Follow me.
Anything else - Cancel.
Gang up on whom?
Press: ? - help, Dir - move target, f/p - jackal
Aim: a jackal (moderately wounded, ally target) Attack!
Your bat barely misses the jackal.
The jackal bites your bat.
Your bat dies!
Your bat's corpse disappears in a puff of smoke!
The jackal bites you.
You die...

#....# #>...... #....#
#....... #....## #.......
###...### #....... #.#...##
#....... #####
#.###..######.......
#####...###.#...J.............
#........##.#h######.#........
#.###.....#..@....##.##.......
#.##..8............#.h######.#
#.#.................#...####.#
#...................###..†...#
#.....8.............# ######..
##....<.............# #.h
#.8.....8..........# ##.
#...§≈≈...........## ##h
###§≈§≈≈##........ #######..


You could see a jackal.

Vanquished Creatures
  A kobold (D:1)
  A quokka (D:1)
2 creatures vanquished.

Notes
Turn   | Place    | Note
-------+----------+-------------------------------------------
     0 | D:1      | siradein the Draconian Summoner began the quest for the
                  | Orb.
     0 | D:1      | Reached XP level 1. HP: 14/14 MP: 3/3
   235 | D:1      | Slain by a jackal

Illustrated notes

Levels and vault maps discovered:
D:1:      grunt_arrival_lava_bath, layout_rooms, minivault_4, st_stairs_3

Action                   || total
-------------------------++-------
Melee: Dagger            ||    10
 Cast: Summon Small Mamm ||     4
Armor: Skin              ||     7
Dodge: Dodged            ||     7
Block: Buckler           ||     3

Table legend: (Time is in decaauts)
 A = Elapsed time spent in this place.
 B = Non-inter-level travel time spent in this place.
 C = Inter-level travel time spent in this place.
 D = Time resting spent in this place.
 E = Time spent auto-exploring this place.
 F = Levels seen in this place.
 G = Mean time per level.
                   A        B        C        D        E       F      G
               +--------+--------+--------+--------+--------+-----+--------+
         Total |    235 |    235 |      0 |      0 |    165 |   1 |  235.0 |
       Dungeon |    235 |    235 |      0 |      0 |    165 |   1 |  235.0 |
               +--------+--------+--------+--------+--------+-----+--------+

Top non-repeatable levels by time:
     D:1: 235 daAuts
